 Dungeon Crawl Stone Soup version 0.30-a0-719-gcc4359ea44 (webtiles) character file.

Game seed: 11648745459447566677

58 kae the Insei (level 3, 0/39 HPs)
             Began as a Demonspawn Transmuter on Jan 26, 2023.
             Slain by an adder (1 damage)
             ... on level 3 of the Dungeon.
             The game lasted 00:01:18 (1826 turns).

kae the Insei (Demonspawn Transmuter)               Turns: 1826, Time: 00:01:19

Health: 0/39       AC:  2    Str: 10    XL:     3   Next: 75%
Magic:  2/6        EV: 19    Int: 16    God:
Gold:   92         SH:  0    Dex: 18    Spells: 1/7 levels left

rFire   + . .      SeeInvis .      - Unarmed
rCold   . . .      Faith    .    (shield currently unavailable)
rNeg    . . .      Spirit   .    (body armour currently unavailable)
rPois   x          Reflect  .    (helmet currently unavailable)
rElec   .          Harm     .    (cloak currently unavailable)
rCorr   .          Rampage  .    (gloves currently unavailable)
Will    .....                    (boots currently unavailable) Stlth
                                 (no amulet)
HPRegen 0.26/turn                F - ring of protection from fire
MPRegen 0.10/turn                (no ring)

@: berserking, lethally poisoned (0 -> -8), spider-form, very quick
A: venomous fangs, tiny, ignite blood 1
a: End Transformation


You were on level 3 of the Dungeon.
You were a venomous arachnid creature.
You visited 1 branch of the dungeon, and saw 3 of its levels.

You collected 92 gold pieces.


Innate Abilities, Weirdness & Mutations

You are a venomous arachnid creature.
You have venomous fangs.
You are tiny and dextrous.
Your spellcasting is less reliable in this form.
Your armour is entirely melded.
You are incapable of wielding weapons or throwing items.
Your demonic aura sometimes causes spilled blood to erupt in flames.


   Skills:
 - Level 1.0 Fighting
 - Level 1.7 Dodging
 + Level 3.1 Unarmed Combat
 + Level 2.5 Spellcasting
 * Level 2.8 Transmutations
 * Level 1.0 Poison Magic


You had one spell level left.
You knew the following spells:

 Your Spells              Type           Power      Damage    Failure   Level
a - Beastly Appendage     Tmut           22%        N/A       17%         1
b - Wereblood             Tmut           11%        N/A       24%         2
c - Spider Form           Tmut/Pois      8%         N/A       47%         3

Your spell library contained the following spells:

 Spells                   Type           Power      Damage    Failure   Level
 Ice Form                 Ice/Tmut       6%         N/A       88%         4

Inventory:

Missiles
 d - 3 silver javelins
 e - 16 stones
 g - 2 javelins
Armour
 a - a +1 robe (melded)
Jewellery
 F - a ring of protection from fire (left front pincers)
   (You found it on level 2 of the Dungeon)
Potions
 b - a potion of lignification {!q}
 c - a potion of invisibility {unknown}
 h - 3 potions of mutation {unknown}
 i - a potion of degeneration {!q}
 j - a potion of curing {unknown}
 m - a potion of flight
 n - a potion of haste {unknown}
 o - a potion of ambrosia {unknown}
 p - a potion of attraction {unknown}
 q - a potion of heal wounds {unknown}

Dungeon Overview and Level Annotations

Branches:
Dungeon (3/15) Zot: 16179

Altars:

### ..# ###
##.##
...#.[.#####
#.#.......
#...)...#
#...S...#
#...sS..#
#<...#.......
#.#...
#.!#### ...##
#.# ...#. .#
.. . # . . #.


You could see 2 adders.


Message History

You see here a +0 club.
Done exploring.
Done exploring.
Done exploring.
Done exploring.
Okay, then.
Okay, then.
As you read the scroll labelled CUD REZOAMUMP, it crumbles to dust.
It is a scroll of identify.
m - a potion of flight
As you read the scroll of identify {@r1}, it crumbles to dust.
i - a potion of degeneration
As you read the scroll labelled PILEKL TOPN, it crumbles to dust.
It is a scroll of amnesia.
Really abort (and waste the scroll)?
Okay, then.
As you read the scroll labelled QUMU HOUFUSHE, it crumbles to dust.
It is a scroll of enchant armour.
Your +0 robe glows green for a moment.
As you read the scroll labelled ZIZUHA HOLUIXT, it crumbles to dust.
The air around you briefly surges with heat, but it dissipates.
It was a scroll of immolation.
Unknown command.
Okay, then.
Done exploring.
Unknown command.
Done exploring.
Done exploring.
Done exploring.
(D) Dungeon
Where to? (Enter - D:2, ? - help)
You see here a +0 club.
There is a stone staircase leading down here.
You climb downwards.
The adder hisses angrily.
Found a spear, a red potion and a ring mail.
Found a stone staircase leading up.
There is a stone staircase leading up here.
There are monsters nearby!
You aren't carrying any scrolls.
Casting: Spider Form (extremely dangerous; 26% risk of failure)
Confirm with . or Enter, or press ? or * to list all spells.
You grow a pair of large bovine horns.
Your feet morph into talons.
The adder hisses angrily.
The adder bites you. 😕 HP[-4] MP[-1]
You take 4 damage, and now have 22/26 hp.
You lost 1 mp, and now have 5/6 mp.
You closely miss the adder. Your kick misses the adder.
Your punch misses the adder. The adder bites you. x2
You are poisoned.
The adder poisons you!
You hit the adder but do no damage.
You feel sick. The adder bites you but does no damage.
The adder closely misses you. The adder bites you.
You are more poisoned.
The adder poisons you! The adder closely misses you. 😮 HP[-4]
You take 4 damage, and now have 18/26 hp.
Unknown command.
Casting: Beastly Appendage (safe; 6% risk of failure)
Confirm with . or Enter, or press ? or * to list all spells.
The spell is extremely dangerous to miscast (26% risk of failure)!
Continue anyway? [Y]es or [N]o only, please.
The spell is extremely dangerous to miscast (26% risk of failure)!
Continue anyway?
Your horns disappear.
Your talons disappear.
You turn into a venomous arachnid creature.
Your +1 robe melds into your body.
You feel sick. The adder completely misses you. The adder bites you.
* * * LOW HITPOINT WARNING * * *
😨 HP[-5] MP[-3]
You take 5 damage, and now have 13/26 hp.
You lost 3 mp, and now have 2/6 mp.
Unknown command.
You hit the adder.
The adder is poisoned.
You feel sick.
The adder barely misses you. x2 😨 HP[-2]
You take 2 damage, and now have 11/26 hp.
You closely miss the adder.
You feel sick. The adder closely misses you. The adder bites you.
* * * LOW HITPOINT WARNING * * *
You are lethally poisoned!
The adder poisons you! 😨 HP[-3]
You take 3 damage, and now have 8/26 hp.
You hit the adder but do no damage.
The adder looks as sick as possible!
* * * LOW HITPOINT WARNING * * *
You feel very sick. The adder barely misses you. The adder bites you.
* * * LOW HITPOINT WARNING * * *
😱 HP[-5]
You take 5 damage, and now have 3/26 hp.
Unknown command.
It was a potion of berserk rage.
A red film seems to cover your vision as you go berserk!
You feel yourself moving faster!
You feel mighty!
* * * LOW HITPOINT WARNING * * *
You feel very sick. The adder completely misses you. The adder bites you.
You die...

Skill      XL: |  1  2  3 |
---------------+----------+-----
Transmutations | 2 |  2.8
Unarmed Combat | 3 |  3.1
Poison Magic   | 1 |  1.0
Fighting       | |  1.0
Dodging        | |  1.7
Spellcasting   | |  2.5

Action                     || total
---------------------------++-------
  Melee: Unarmed           ||    86
         Kick              ||    10
         Headbutt          ||     9
   Cast: Beastly Appendage ||    27
         Spider Form       ||     2
    Use: Scroll            ||     5
         Potion            ||     1
   Stab: Sleeping          ||     2
 Armour: Robe              ||    14
         Skin              ||     1
  Dodge: Dodged            ||    58

Levels and vault maps discovered:
D:1:      minmay_arrival_widening_spiral_narrow, layout_loops_ring
D:2:      layout_loops_ring, ebering_ecumenical_altar_petrified,
          grunt_decor_clamped
D:3:      minmay_bubble_buster, layout_loops_ring,
          chequers_serial_rivers_micro_d

Notes
Turn   | Place    | Note
-------+----------+-------------------------------------------
     0 | D:1      | kae the Demonspawn Transmuter began the quest for the Orb.
     0 | D:1      | Reached XP level 1. HP: 15/15 MP: 3/3
     0 | D:1      | magus.rc [v1.11.3]
   382 | D:1      | Reached skill level 2 in Transmutations
   472 | D:1      | Gained mutation: Your demonic aura sometimes causes spilled
                  | blood to erupt in flames. [demonic ancestry]
   472 | D:1      | Reached XP level 2. HP: 20/21 MP: 3/5
   882 | D:2      | Learned a level 2 spell: Wereblood
   955 | D:2      | Reached skill level 3 in Unarmed Combat
   996 | D:2      | Reached XP level 3. HP: 26/26 MP: 4/6
  1000 | D:2      | Learned a level 3 spell: Spider Form
  1239 | D:2      | Found a faded altar of an unknown god.
  1612 | D:2      | Reached skill level 1 in Poison Magic
  1825 | D:3      | HP: 6/26 [poisoned by an adder]
  1826 | D:3      | HP: 1/39 [poisoned by an adder]
  1826 | D:3      | Slain by an adder

Vanquished Creatures
  2 adders (D:2)
  2 worms (D:2)
  2 dart slugs
  2 bats
  5 endoplasms (D:1)
  2 giant cockroaches
  4 goblins
  A quokka (D:2)
  3 ball pythons
  3 frilled lizards
  2 kobolds (D:1)
  2 rats
30 creatures vanquished.

Table legend:
 A = Non-vault XP
 B = Vault XP
 C = Vault XP percentage of total XP
 D = Non-vault monster count
 E = Vault monster count
 F = Vault count percentage of total count
                 A         B        C        D         E       F
            +---------+---------+-------+---------+---------+-------
      Total |      83 |       0 |   0.0 |      30 |       0 |   0.0
            +---------+---------+-------+---------+---------+-------
        D:1 |      29 |       0 |   0.0 |      17 |       0 |   0.0
        D:2 |      54 |       0 |   0.0 |      13 |       0 |   0.0
            +---------+---------+-------+---------+---------+-------

Illustrated notes

Table legend:
 A = Kills in this place as a percentage of kills in entire the game.
 B = Kills by you in this place as a percentage of kills by you in the entire game.
 C = Kills by friends in this place as a percentage of kills by friends in the entire game.
 D = Other kills in this place as a percentage of other kills in the entire game.
 E = Experience gained in this place as a percentage of experience gained in the entire game.
 F = Experience gained in this place divided by the number of levels of this place that you have seen.
                   A       B       C       D       E      F
               +-------+-------+-------+-------+-------+----------------------
         Total | 100.0 | 100.0 |   N/A |   N/A | 100.0 |  27.7
       Dungeon | 100.0 | 100.0 |   N/A |   N/A | 100.0 |  27.7
               +-------+-------+-------+-------+-------+----------------------

Table legend: (Time is in decaauts)
 A = Elapsed time spent in this place.
 B = Non-inter-level travel time spent in this place.
 C = Inter-level travel time spent in this place.
 D = Time resting spent in this place.
 E = Time spent auto-exploring this place.
 F = Levels seen in this place.
 G = Mean time per level.
                   A        B        C        D        E       F      G
               +--------+--------+--------+--------+--------+-----+--------+
         Total |   1819 |   1768 |     51 |      0 |   1485 |   3 |  606.3 |
       Dungeon |   1819 |   1768 |     51 |      0 |   1485 |   3 |  606.3 |
               +--------+--------+--------+--------+--------+-----+--------+

Top non-repeatable levels by time:
     D:2: 935 daAuts
     D:1: 876 daAuts
     D:3: 8 daAuts
